 Dungeon Crawl Stone Soup version 0.20-a0-494-gf50ee04 (webtiles) character file.

102 Ijustatesigmund the Magician (level 4, -1/36 HPs)
             Began as a Naga Wizard on Jan 17, 2017.
             Slain by a frilled lizard (2 damage)
             ... on level 2 of the Dungeon.
             The game lasted 00:07:17 (1808 turns).

Ijustatesigmund the Magician (Naga Wizard)          Turns: 1808, Time: 00:07:18

Health: -1/36      AC:  3    Str:  9    XL:     4   Next: 77%
Magic:  0/8        EV: 10    Int: 19    God:
Gold:   64         SH:  2    Dex: 10    Spells: 1/9 levels left

rFire    . . .     SeeInvis +   f - +1 dagger (venom)
rCold    . . .     Gourm    .   a - +0 robe
rNeg     . . .     Faith    .   (no shield)
rPois    +         Spirit   .   b - +1 hat
rElec    .         Reflect  +   (no cloak)
rCorr    .         Harm     .   (no gloves)
MR       .....                  (no barding)
Stlth    ++........             m - +2 amulet of reflection
Regen    0.2/turn               (no ring)
                                (no ring)

@: repel missiles, very slow
A: see invisible, deformed body, poison resistance, slowness 2, slow metabolism
1, spit poison 1, AC +1
a: Spit Poison


You were on level 2 of the Dungeon.
You were not hungry.

You visited 1 branch of the dungeon, and saw 2 of its levels.

You collected 64 gold pieces.

Inventory:

Hand Weapons
 f - a +1 dagger of venom (weapon)
Armour
 a - a +0 robe (worn)
 b - a +1 hat (worn)
Jewellery
 m - a +2 amulet of reflection (around neck)
Scrolls
 h - a scroll of teleportation
 j - 2 scrolls of identify {unknown}
 k - a scroll of enchant armour
Potions
 e - a potion of haste {unknown}
 i - a potion of resistance {unknown}
 n - 2 potions of curing {unknown}
 p - a potion of agility {unknown}
Books
 c - a book of Minor Magic

   Spells                             Type                      Level
   a - Magic Dart                     Conjuration                  1
   b - Blink                          Translocation                2
   c - Call Imp                       Summoning                    2
   d - Repel Missiles                 Charms/Air                   2
   e - Slow                           Hexes                        2
   f - Conjure Flame                  Conjuration/Fire             3
   g - Mephitic Cloud                 Conjuration/Poison/Air       3
Comestibles
 d - 2 bread rations
 g - a beef jerky
 l - 2 chunks of flesh
 o - a meat ration


   Skills:
 - Level 1.5 Dodging
 - Level 3.0 Stealth
 - Level 3.2 Spellcasting
 - Level 3.1 Conjurations
   Level 1.0 Summonings
 - Level 1.0 Translocations
 + Level 2.5 Fire Magic


You had one spell level left.
You knew the following spells:

 Your Spells              Type           Power        Failure   Level  Hunger
a - Magic Dart            Conj           ##..         6%          1    None
b - Blink                 Tloc           N/A          17%         2    ##.....
c - Repel Missiles        Chrm/Air       #.....       24%         2    ##.....
d - Conjure Flame         Conj/Fire      ##......     14%         3    ###....


Dungeon Overview and Level Annotations

Branches:
Dungeon (2/15)

Altars:


Innate Abilities, Weirdness & Mutations

You cannot wear boots.
Your serpentine skin is tough. (AC +1)
You have supernaturally acute eyesight. (SInv)
Armour fits poorly on your strangely shaped body.
Your system is resistant to poisons. (rPois)
You cover ground very slowly.
You have a slow metabolism.
You can spit poison.


Message History

Press: ? - help, Shift-Dir - straight line, f/p - gnoll
Aim: a gnoll (severely wounded, poisoned)
The magic dart hits the gnoll.
The gnoll is almost dead.
The frilled lizard bites you but does no damage.
The frilled lizard bites you.
* * * LOW HITPOINT WARNING * * *
The gnoll hits you!
* * * LOW HITPOINT WARNING * * *
Casting: Magic Dart
Confirm with . or Enter, or press ? or * to list all spells.
You blink.
You have got your breath back.
You kill the gnoll!
A kobold comes into view. It is wielding a dagger.
You miss the frilled lizard. The frilled lizard closely misses you.
You miss the frilled lizard. The frilled lizard bites you.
* * * LOW HITPOINT WARNING * * *
The frilled lizard bites you.
You die...

####.....## ###... .. #
#.....#####..........
####......#......# ....#
............#..####....#
...##...............K#.#
#......................#
.......................#
.........))....l......#
.#.............l@.....#
...#..?.......#...>...#
.#.#....##...##.......#
....>### ##...........#
...## ####........# ...#
#........# ....#
#........# ..#..
#........# ...#.


You could see a kobold and 2 frilled lizards.

Vanquished Creatures
  An adder (D:2)
  4 gnolls (D:2)
  A worm (D:2)
  3 dart slugs
  3 leopard geckos (D:1)
  5 bats
  2 giant cockroaches
  4 goblins (D:1)
  3 hobgoblins
  7 jackals
  5 frilled lizards
  4 kobolds
  3 rats (D:1)
45 creatures vanquished.

Notes
Turn   | Place    | Note
-------+----------+-------------------------------------------
     0 | D:1      | Ijustatesigmund the Naga Wizard began the quest for the Orb.
     0 | D:1      | Reached XP level 1. HP: 15/15 MP: 4/4
   106 | D:1      | Reached XP level 2. HP: 7/22 MP: 1/6
   375 | D:1      | Learned a level 2 spell: Blink
   378 | D:1      | Learned a level 2 spell: Repel Missiles
   828 | D:1      | Reached XP level 3. HP: 28/28 MP: 5/7
  1535 | D:2      | Learned a level 3 spell: Conjure Flame
  1550 | D:2      | Reached skill level 1 in Fire Magic
  1631 | D:2      | Reached XP level 4. HP: 36/36 MP: 2/8
  1803 | D:2      | HP: 1/36 [gnoll (9)]
  1808 | D:2      | HP: 1/36 [frilled lizard (1)]
  1808 | D:2      | Slain by a frilled lizard

Vault maps used:
D:1:      scummos_arrival_simple_fountains, kennysheep_minor_cross,
          columned_hall_lemuel, nrook_mini_backslash

Skill      XL: |  1  2  3  4 |
---------------+-------------+-----
Conjurations   | 2 3 |  3.1
Fire Magic     | 1 2 |  2.5
Dodging        | |  1.5
Stealth        | |  3.0
Spellcasting   | |  3.2
Summonings     | |  1.0
Translocations | |  1.0

Action                   |  1- 3 |  4- 6 || total
-------------------------+-------+-------++-------
Melee: Dagger            |    21 |    15 ||    36
       Hand axe          |     2 |       ||     2
 Cast: Magic Dart        |    78 |    17 ||    95
       Repel Missiles    |     1 |       ||     1
       Blink             |       |     1 ||     1
 Abil: Spit Poison       |     3 |     3 ||     6
  Use: Scroll            |     3 |       ||     3
 Stab: Sleeping          |     1 |       ||     1
  Eat: Chunk             |     1 |     1 ||     2
Armor: Robe              |    12 |     7 ||    19
Dodge: Dodged            |    23 |    16 ||    39
Block: Other             |       |     1 ||     1
